 Dungeon Crawl Stone Soup version 0.29-a0-775-g4d7333d4e2 (webtiles) character file.

Game seed: 4513815113564861915

457 Pooter the Shooter (level 6, -5/53 HPs)
             Began as a Minotaur Hunter on June 30, 2022.
             Slain by a centaur
             ... wielding a +4 dagger of speed
              (9 damage)
             ... on level 5 of the Dungeon on July 1, 2022.
             The game lasted 00:28:20 (4166 turns).

Pooter the Shooter (Minotaur Hunter)                Turns: 4166, Time: 00:28:21

Health: -5/53      AC:  9    Str: 17    XL:     6   Next: 77%
Magic:  5/5        EV:  7    Int: 12    God:
Gold:   137        SH:  0    Dex: 14    Spells: 4/5 levels left

rFire   . . .      SeeInvis .   a - +0 war axe
rCold   . . .      Faith    .   (no shield)
rNeg    . . .      Spirit   .   c - +0 chain mail
rPois   .          Reflect  .   (helmet restricted)
rElec   .          Harm     .   (no cloak)
rCorr   .          Rampage  .   (no gloves)
Will    .....                   n - +0 pair of boots
Stlth   ..........              (no amulet)
HPRegen 0.17/turn               v - +6 ring of intelligence
MPRegen 0.09/turn               (no ring)

@: no status effects
A: horns 2, retaliatory headbutt
a: no special abilities


You were on level 5 of the Dungeon.
You visited 1 branch of the dungeon, and saw 5 of its levels.

You collected 185 gold pieces.
You spent 48 gold pieces at shops.

Inventory:

Hand Weapons
 a - a +0 war axe (weapon)
   (You found it on level 5 of the Dungeon)
 b - a +0 shortbow
 f - a +0 dagger of speed
   (You took it off a kobold on level 1 of the Dungeon)
 i - a +3 trident
   (You found it on level 2 of the Dungeon)
 l - a +0 sling
   (You found it on level 1 of the Dungeon)
 s - a +0 short sword
   (You found it on level 1 of the Dungeon)
Missiles
 k - a throwing net {!f}
 w - 5 boomerangs (quivered)
 z - 6 poisoned darts
 Q - 38 stones
Armour
 c - a +0 chain mail (worn)
   (You found it on level 4 of the Dungeon)
 j - a +0 tower shield
   (You found it on level 1 of the Dungeon)
 n - a +0 pair of boots (worn)
   (You found it on level 2 of the Dungeon)
Jewellery
 v - a +6 ring of intelligence (left hand)
   (You found it on level 4 of the Dungeon)
Scrolls
 e - a scroll of immolation {!r}
 o - a scroll of torment {!r}
 p - a scroll of summoning
 t - a scroll of enchant armour
 u - 2 scrolls of noise {!r}
 x - a scroll of silence
 y - a scroll of magic mapping
 B - 3 scrolls of vulnerability {unknown}
Potions
 d - 4 potions of curing {@q1}
 g - 2 potions of cancellation {unknown}
 h - 3 potions of heal wounds {unknown}
 m - a potion of berserk rage {unknown}
 q - 2 potions of haste {unknown}
 r - 5 potions of brilliance {unknown}
 A - a potion of ambrosia {unknown}


   Skills:
 + Level 4.3 Fighting
 * Level 0.8(1.9) Axes
 - Level 2.6(2.7) Polearms
 * Level 6.6 Ranged Weapons
 + Level 1.9 Throwing
 - Level 2.1 Dodging
 - Level 2.6 Stealth


You had 4 spell levels left.
You knew the following spells:

 Your Spells              Type           Power      Damage    Failure   Level
a - Summon Small Mammal   Summ           0%         N/A       99%         1

Your spell library contained the following spells:

 Spells                   Type           Power      Damage    Failure   Level
 Call Canine Familiar     Summ           0%         N/A       100%        3
 Summon Guardian Golem    Hex/Summ       0%         N/A       100%        3


Dungeon Overview and Level Annotations

Branches:
Dungeon (5/15)
 Temple: D:4-7

Altars:
Elyvilon
Qazlal
Yredelemnul

Shops:
D:2 *


Innate Abilities, Weirdness & Mutations

You have a pair of horns on your head.
You reflexively headbutt those who attack you in melee.


Message History

Things that are here:
a +0 club; a +0 leather armour An adder comes into view.
The adder hisses angrily.
You shoot an arrow. The arrow closely misses the adder.
You shoot an arrow. The arrow misses the adder.
a - a +0 war axe (weapon)
You hit the adder. The adder bites you but does no damage. The adder bites you.
You hit the adder.
The adder closely misses you. x2; You furiously retaliate!
You headbutt the adder!
You kill the adder!
Found a coppery potion.
h - 3 coppery potions (gained 1)
b - a +0 shortbow (weapon)
A centaur comes into view. It is wielding a +4 dagger of speed.
a - a +0 war axe (weapon)
The centaur unwields a +4 dagger of speed.
The centaur wields a +0 shortbow.
The centaur shoots an arrow.
The arrow hits you!
The centaur drinks a potion.
The centaur flickers and vanishes!
Deactivating autopickup; reactivate with Ctrl-A.
You hear a twanging sound.
An arrow appears from out of thin air!
The arrow hits you. Something hits you. Something kicks you.
Something hits you.
* * * LOW HITPOINT WARNING * * *
Something kicks you but does no damage.
You barely miss something. Something hits you!
* * * LOW HITPOINT WARNING * * *
Something kicks you but does no damage. Something hits you but does no damage.
Something kicks you.
* * * LOW HITPOINT WARNING * * *
Something hits you but does no damage. Something kicks you but does no damage.
Something hits you.
* * * LOW HITPOINT WARNING * * *
Something kicks you.
* * * LOW HITPOINT WARNING * * *
You hit something. Your headbutt misses something. Something hits you.
* * * LOW HITPOINT WARNING * * *
Something kicks you but does no damage. Something hits you.
* * * LOW HITPOINT WARNING * * *
Something kicks you but does no damage. Something hits you!
You die...

#.#..........#♣..
#.#######....#♣.. #.#
#....♣#♣⌠ #.# #.###
#..#..♣#♣ #.# #...#
##.#♣..♣♣ #.# #.#.##
#..##♣...
##.#########....####...#♣...
.........#............##♣..
#.#......{@....######..#♣♣.
#.######)...#.## ##.###♣
######.........#.#.# #...##
#................#.# #.#...
#.################.# #.....
#.# #.# ###### #.# #.# #.#
.# #.#


There were no monsters in sight!

Vanquished Creatures
  An ogre (D:5)
  A centaur (D:4)
  A scorpion (D:5)
  2 orc priests (D:5)
  2 iguanas (D:4)
  5 adders
  2 dart slugs
  6 orcs
  8 endoplasms
  A giant cockroach (D:1)
  2 goblins
  4 hobgoblins
  6 jackals
  5 quokkas
  13 ball pythons
  A bat (D:1)
  2 frilled lizards (D:1)
  6 kobolds
  4 rats
72 creatures vanquished.

Notes
Turn   | Place    | Note
-------+----------+-------------------------------------------
     0 | D:1      | Pooter the Minotaur Hunter began the quest for the Orb.
     0 | D:1      | Reached XP level 1. HP: 18/18 MP: 0/0
    70 | D:1      | Reached skill level 1 in Stealth
   165 | D:1      | Reached XP level 2. HP: 25/25 MP: 1/1
   331 | D:1      | Reached skill level 5 in Ranged Weapons
   438 | D:1      | Reached XP level 3. HP: 31/31 MP: 2/2
   869 | D:2      | Found Estero's General Store.
   881 | D:2      | Bought a scroll of identify for 24 gold pieces
   881 | D:2      | Bought a scroll of identify for 24 gold pieces
  1240 | D:2      | Found a faded altar of an unknown god.
  1436 | D:3      | Upgraded the game from 0.29-a0-757-g358383bc75 to
                  | 0.29-a0-775-g4d7333d4e2
  1647 | D:3      | Reached XP level 4. HP: 38/38 MP: 3/3
  2111 | D:4      | Learned a level 1 spell: Summon Small Mammal
  2197 | D:4      | Noticed a centaur
  2205 | D:5      | Entered Level 5 of the Dungeon
  2574 | D:4      | Noticed an earth elemental
  2581 | D:4      | Found a stormy altar of Qazlal.
  2581 | D:4      | Noticed a fire elemental
  2584 | D:4      | Noticed a water elemental
  2587 | D:4      | Noticed an air elemental
  2833 | D:4      | Reached skill level 1 in Polearms
  2878 | D:4      | Killed a centaur
  2879 | D:4      | Reached skill level 6 in Ranged Weapons
  2879 | D:4      | Reached skill level 1 in Throwing
  2879 | D:4      | Reached XP level 5. HP: 24/46 MP: 4/4
  3274 | D:5      | Noticed an ogre
  3469 | D:5      | Reached XP level 6. HP: 47/52 MP: 5/5
  3948 | D:5      | Found a white marble altar of Elyvilon.
  4103 | D:5      | Found a basalt altar of Yredelemnul.
  4166 | D:5      | Slain by a centaur

Illustrated notes

Levels and vault maps discovered:
D:1:      zelgadis_glass_arrival_small, layout_rooms, serial_bayou_pond_c,
          minivault_25
D:2:      layout_rooms, serial_shops, nicolae_shop_stone,
          chequers_ecumenical_altar_simple_redux
D:3:      layout_loops_cross, columned_hall_lemuel
D:4:      layout_basic, nicolae_qazlal_style_of_elements
D:5:      layout_loops_ring, kennysheep_ying_yang

Skill      XL: |  1  2  3  4  5 |
---------------+----------------+-----
Stealth        | 1 2 |  2.6
Ranged Weapons | 5 6 |  6.6
Fighting       | 3 4 |  4.3
Polearms       | 1 2 |  2.6
Throwing       | 1 |  1.9
Axes           | |  0.8
Dodging        | |  2.1

Action                   |  1- 3 |  4- 6 || total
-------------------------+-------+-------++-------
Melee: Dagger            |     1 |       ||     1
       Short sword       |     6 |       ||     6
       Headbutt          |     2 |     7 ||     9
       Trident           |     5 |    41 ||    46
       War axe           |       |     6 ||     6
 Fire: Shortbow          |    98 |    42 ||   140
Throw: Boomerang         |       |     3 ||     3
  Use: Scroll            |     6 |     3 ||     9
       Potion            |       |     1 ||     1
Armor: Leather armour    |    10 |     1 ||    11
       Chain mail        |       |    37 ||    37
       Scale mail        |       |     1 ||     1
Dodge: Dodged            |    27 |    26 ||    53

Table legend: (Time is in decaauts)
 A = Elapsed time spent in this place.
 B = Non-inter-level travel time spent in this place.
 C = Inter-level travel time spent in this place.
 D = Time resting spent in this place.
 E = Time spent auto-exploring this place.
 F = Levels seen in this place.
 G = Mean time per level.
                   A        B        C        D        E       F      G
               +--------+--------+--------+--------+--------+-----+--------+
         Total |   4210 |   4089 |    121 |    976 |   2278 |   5 |  842.0 |
       Dungeon |   4210 |   4089 |    121 |    976 |   2278 |   5 |  842.0 |
               +--------+--------+--------+--------+--------+-----+--------+

Top non-repeatable levels by time:
     D:4: 1130 daAuts
     D:5: 950 daAuts
     D:2: 768 daAuts
     D:3: 711 daAuts
     D:1: 648 daAuts
